AoeStats
← Heli Jacob

Nomad

509946399Analyzed
2v2 RM · 4d ago on Sep 28, 2026· 35m 36s· 4 players
Game mode
Random Map
Map size
176×176
Population
200
Speed
Normal
Resources
Standard
Victory
Conquest
Starting age
Dark Age
Ending age
Imperial Age
RankedLock teamsTeams togetherTeam positionsShared explorationLock speedFull tech treeHidden civsTurbo modeCheats
Victory
Defeat
🇫🇷 Gurjaras · France
895
+16
🇫🇷 Byzantines · France
864
+17
🇦🇷 Goths · Argentina
893
-17
🇿🇦 Sicilians · South Africa
891
-16
Novelwater
15:06 Feudal Age
16:22 Fishing Lines
16:36 Double-Bit Axe
18:07 Loom
20:39 Castle Age
18:40 Horse Collar
20:26 Gold Mining
25:23 Gillnets
27:44 Wheelbarrow
27:18 Scale Barding Armor
28:03 Bow Saw
28:01 Heavy Plow
33:48 Gillnets
LeVieuxMachin
4:59 Loom
17:29 Feudal Age
22:35 Castle Age
26:22 Double-Bit Axe
32:44 Imperial Age
joaquinrainone
3:01 Loom
15:56 Feudal Age
16:45 Man-at-Arms
17:47 Town Watch
20:46 Padded Archer Armor
20:38 Fletching
21:31 Forging
21:22 Scale Mail Armor
25:26 Castle Age
23:54 Double-Bit Axe
24:21 Horse Collar
24:32 Gold Mining
25:04 Stone Mining
26:22 Scale Barding Armor
26:58 Wheelbarrow
26:45 Squires
26:37 Long Swordsman
28:55 Iron Casting
31:23 Husbandry
32:02 Bloodlines
33:06 Chain Mail Armor
32:14 Pikeman
33:41 Town Patrol
Heli Jacob
3:44 Loom
20:33 Feudal Age
21:21 Fishing Lines
22:57 Gold Mining
27:35 Castle Age
26:21 Wheelbarrow
27:38 Forging
27:29 Scale Mail Armor
29:08 Iron Casting
28:29 Arson
29:59 Chain Mail Armor
30:06 Squires
30:38 Pikeman
31:04 Gambesons
31:14 Fletching
32:04 Double-Bit Axe
Connection lost

Rejoining the realm…

Still unreachable

The connection could not be restored.

Session expired

The server has moved on; the page needs a fresh start.